| TOP OF THE 1ST |
|
Stanford University Cardinal batting - Pitching for University of Arizona Wildcats : LHP Gilg Martin
|
|
Pitching: LHP Gilg Martin
|
|
|
Batting: RHB Kazumi Inouye
|
0-0: Ball 1-0: Ball 2-0: Ground out 6-3 (Groundball, 56, EV 86.2 MPH)
|
|
Batting: RHB Jose Garduno
|
0-0: Ball 1-0: Foul Ball, location: 2F 1-1: Called Strike 1-2: Ball 2-2: Reached on error, E6 (Groundball, 6, EV 90.0 MPH)
|
|
Batting: RHB Guillermo Puente
|
0-0: Ball 1-0: Ball 2-0: Ball 3-0: Called Strike 3-1: Ground out 6-3 (Groundball, 6, EV 81.9 MPH) Jose Garduno to third
|
|
Batting: SHB Danny Gallegos
|
0-0: Fly out, F7 (Flyball, 7S, EV 73.1 MPH)
|
| Top of the 1st over - 0 runs, 0 hits, 1 error, 1 left on base; Stanford University 0 - University of Arizona 0 |
| BOTTOM OF THE 1ST |
|
University of Arizona Wildcats batting - Pitching for Stanford University Cardinal : RHP Jesus Hernandez
|
|
Pitching: RHP Jesus Hernandez
|
|
|
Batting: RHB Ron Dondale
|
0-0: Fly out, F9 (Flyball, 9D, EV 95.6 MPH)
|
|
Batting: LHB Pascal Noël
|
0-0: Ball 1-0: Fly out, F8 (Flyball, 8RM, EV 90.6 MPH)
|
|
Batting: RHB C.J. Wells
|
0-0: SOLO HOME RUN (Flyball, 78XD, EV 108.1 MPH), Distance : 401 ft
|
|
Batting: LHB Gary Corrales
|
0-0: Foul Ball, location: 2F 0-1: Called Strike 0-2: Foul Ball, location: 2F 0-2: Reached on error, E3 (Groundball, 3, EV 90.6 MPH)
|
|
Batting: RHB Teddy Bonaddio
|
0-0: Ball 1-0: Ball 2-0: Foul Ball, location: 2F 2-1: Ball 3-1: Called Strike 3-2: Foul Ball, location: 2F 3-2: Base on Balls Gary Corrales to second
|
|
Batting: LHB Andrew Davis
|
0-0: Called Strike 0-1: Called Strike 0-2: Strikes out looking
|
| Bottom of the 1st over - 1 run, 1 hit, 1 error, 2 left on base; Stanford University 0 - University of Arizona 1 |
| TOP OF THE 2ND |
|
Stanford University Cardinal batting - Pitching for University of Arizona Wildcats : LHP Gilg Martin
|
|
Batting: LHB Chien Sam
|
0-0: Ball 1-0: Ball 2-0: Called Strike 2-1: Swinging Strike 2-2: Strikes out swinging
|
|
Batting: RHB Trent Spivey
|
0-0: Ground out 6-3 (Groundball, 6, EV 88.8 MPH)
|
|
Batting: LHB Bryan Davidson
|
0-0: Foul Ball, location: 2F 0-1: Called Strike 0-2: Ball 1-2: Ball 2-2: Ball 3-2: SINGLE (Line Drive, 7LS, EV 95.6 MPH)
|
|
Batting: LHB Bob Neale
|
0-0: Ball 1-0: Foul Ball, location: 2F 1-1: Fly out, F7 (Flyball, 78D, EV 91.2 MPH)
|
| Top of the 2nd over - 0 runs, 1 hit, 0 errors, 1 left on base; Stanford University 0 - University of Arizona 1 |
| BOTTOM OF THE 2ND |
|
University of Arizona Wildcats batting - Pitching for Stanford University Cardinal : RHP Jesus Hernandez
|
|
Batting: RHB Alejandro de Jesus
|
0-0: Swinging Strike 0-1: Foul Ball, location: 2F 0-2: Ball 1-2: Foul Ball, location: 2F 1-2: Fly out, F6 (Line Drive, 6, EV 72.5 MPH)
|
|
Batting: RHB Larry Harlow
|
0-0: Called Strike 0-1: Foul Ball, location: 2F 0-2: Ball 1-2: Strikes out swinging
|
|
Batting: LHB Jere Paatelainen
|
0-0: Ball 1-0: Ground out U3 (Groundball, 3, EV 87.5 MPH)
|
| Bottom of the 2nd over - 0 runs, 0 hits, 0 errors, 0 left on base; Stanford University 0 - University of Arizona 1 |
| TOP OF THE 3RD |
|
Stanford University Cardinal batting - Pitching for University of Arizona Wildcats : LHP Gilg Martin
|
|
Batting: RHB Willie Carmona
|
0-0: Fly out, F8 (Flyball, 8LD, EV 102.5 MPH)
|
|
Batting: RHB Kazumi Inouye
|
0-0: Called Strike 0-1: Ground out 4-3 (Groundball, 4, EV 83.1 MPH)
|
|
Batting: RHB Jose Garduno
|
0-0: Called Strike 0-1: SINGLE (Groundball, 4D, EV 98.1 MPH)
|
|
Batting: RHB Guillermo Puente
|
0-0: Fly out, F9 (Flyball, 9LM, EV 90.6 MPH)
|
| Top of the 3rd over - 0 runs, 1 hit, 0 errors, 1 left on base; Stanford University 0 - University of Arizona 1 |
| BOTTOM OF THE 3RD |
|
University of Arizona Wildcats batting - Pitching for Stanford University Cardinal : RHP Jesus Hernandez
|
|
Batting: RHB Ron Dondale
|
0-0: Ball 1-0: Ball 2-0: Foul Ball, location: 2F 2-1: Foul Ball, location: 2F 2-2: Fly out, F3 (Flyball, 3D, EV 86.2 MPH)
|
|
Batting: LHB Pascal Noël
|
0-0: Fly out, F7 (Flyball, 78S, EV 92.5 MPH)
|
|
Batting: RHB C.J. Wells
|
0-0: Swinging Strike 0-1: SOLO HOME RUN (Flyball, 78XD, EV 104.4 MPH), Distance : 425 ft
|
|
Batting: LHB Gary Corrales
|
0-0: SOLO HOME RUN (Flyball, 8RXD, EV 115.0 MPH), Distance : 427 ft
|
|
Batting: RHB Teddy Bonaddio
|
0-0: Swinging Strike 0-1: Hit by Pitch
|
|
Batting: LHB Andrew Davis
|
0-0: Ball 1-0: Swinging Strike 1-1: Foul Ball, location: 2F 1-2: Strikes out looking
|
| Bottom of the 3rd over - 2 runs, 2 hits, 0 errors, 1 left on base; Stanford University 0 - University of Arizona 3 |
| TOP OF THE 4TH |
|
Stanford University Cardinal batting - Pitching for University of Arizona Wildcats : LHP Gilg Martin
|
|
Batting: SHB Danny Gallegos
|
0-0: Ball 1-0: Foul Ball, location: 2F 1-1: Called Strike 1-2: Strikes out swinging
|
|
Batting: LHB Chien Sam
|
0-0: Ball 1-0: Ball 2-0: Foul Ball, location: 2F 2-1: Called Strike 2-2: Foul Ball, location: 2F 2-2: Foul Ball, location: 2F 2-2: Ball 3-2: Foul Ball, location: 2F 3-2: Foul Ball, location: 2F 3-2: SOLO HOME RUN (Flyball, 89XD, EV 98.8 MPH), Distance : 399 ft
|
|
Batting: RHB Trent Spivey
|
0-0: Fly out, F8 (Line Drive, 8LM, EV 107.5 MPH)
|
|
Batting: LHB Bryan Davidson
|
0-0: Called Strike 0-1: Ball 1-1: Called Strike 1-2: Ball 2-2: Foul Ball, location: 2F 2-2: Strikes out swinging
|
| Top of the 4th over - 1 run, 1 hit, 0 errors, 0 left on base; Stanford University 1 - University of Arizona 3 |
| BOTTOM OF THE 4TH |
|
University of Arizona Wildcats batting - Pitching for Stanford University Cardinal : RHP Jesus Hernandez
|
|
Batting: RHB Alejandro de Jesus
|
0-0: SINGLE (Flyball, 5D, EV 86.9 MPH)
|
|
Batting: RHB Larry Harlow
|
0-0: Called Strike 0-1: Ball 1-1: Foul Ball, location: 2F 1-2: Reached on error, E4 (Groundball, 4, EV 109.4 MPH) Alejandro de Jesus to second
|
|
Batting: LHB Jere Paatelainen
|
0-0: Foul Ball, location: 2F 0-1: Foul Ball, location: 2F 0-2: Fly out, F8 (Flyball, 8LD, EV 93.1 MPH)
|
|
Batting: RHB Ron Dondale
|
0-0: Called Strike 0-1: Ball 1-1: Foul Ball, location: 2F 1-2: Grounds into double play, 6-4-3 (Groundball, 6, EV 108.8 MPH)
|
| Bottom of the 4th over - 0 runs, 1 hit, 1 error, 1 left on base; Stanford University 1 - University of Arizona 3 |
| TOP OF THE 5TH |
|
Stanford University Cardinal batting - Pitching for University of Arizona Wildcats : LHP Gilg Martin
|
|
Batting: LHB Bob Neale
|
0-0: Called Strike 0-1: Ground out 4-3 (Groundball, 4, EV 106.2 MPH)
|
|
Batting: RHB Willie Carmona
|
0-0: Ball 1-0: SINGLE (Line Drive, 9S, EV 90.6 MPH)
|
|
Batting: RHB Kazumi Inouye
|
0-0: Ball 1-0: Ball 2-0: Grounds into double play, 6-4-3 (Groundball, 6, EV 86.9 MPH)
|
| Top of the 5th over - 0 runs, 1 hit, 0 errors, 0 left on base; Stanford University 1 - University of Arizona 3 |
| BOTTOM OF THE 5TH |
|
University of Arizona Wildcats batting - Pitching for Stanford University Cardinal : RHP Jesus Hernandez
|
|
Batting: LHB Pascal Noël
|
0-0: Ball 1-0: Fly out, F8 (Flyball, 8RM, EV 82.5 MPH)
|
|
Batting: RHB C.J. Wells
|
0-0: Swinging Strike 0-1: Foul Ball, location: 2F 0-2: Foul Ball, location: 2F 0-2: Ball 1-2: Ground out 6-3 (Groundball, 6, EV 86.2 MPH)
|
|
Batting: LHB Gary Corrales
|
0-0: DOUBLE (Line Drive, 78D, EV 106.9 MPH)
|
|
Batting: RHB Teddy Bonaddio
|
0-0: Ball 1-0: Called Strike 1-1: Swinging Strike 1-2: DOUBLE (Line Drive, 78D, EV 112.5 MPH) Gary Corrales scores
|
|
Batting: LHB Andrew Davis
|
0-0: Swinging Strike 0-1: Foul Ball, location: 2F 0-2: Ball 1-2: Strikes out swinging
|
| Bottom of the 5th over - 1 run, 2 hits, 0 errors, 1 left on base; Stanford University 1 - University of Arizona 4 |
| TOP OF THE 6TH |
|
Stanford University Cardinal batting - Pitching for University of Arizona Wildcats : LHP Gilg Martin
|
|
Batting: RHB Jose Garduno
|
0-0: Ball 1-0: Foul Ball, location: 2F 1-1: Ball 2-1: Fly out, F8 (Flyball, 8LM, EV 83.8 MPH)
|
|
Batting: RHB Guillermo Puente
|
0-0: Called Strike 0-1: Swinging Strike 0-2: Strikes out swinging
|
|
Batting: SHB Danny Gallegos
|
0-0: Ball 1-0: Foul Ball, location: 2F 1-1: Called Strike 1-2: Foul Ball, location: 2F 1-2: Fly out, F3 (Popup, 34, EV 54.4 MPH)
|
| Top of the 6th over - 0 runs, 0 hits, 0 errors, 0 left on base; Stanford University 1 - University of Arizona 4 |
| BOTTOM OF THE 6TH |
|
University of Arizona Wildcats batting - Pitching for Stanford University Cardinal : RHP Jesus Hernandez
|
|
Batting: RHB Alejandro de Jesus
|
0-0: Called Strike 0-1: SINGLE (Line Drive, 9S, EV 101.2 MPH)
|
|
Batting: RHB Larry Harlow
|
0-0: Called Strike 0-1: Ball 1-1: Swinging Strike 1-2: Strikes out swinging
|
|
Batting: LHB Jere Paatelainen
|
0-0: Ball 1-0: Ball 2-0: Ball 3-0: Called Strike 3-1: SINGLE (Flyball, 78M, EV 97.5 MPH) Alejandro de Jesus to second
|
|
Pitching: LHP Larry Steen
|
|
|
Batting: RHB Ron Dondale
|
0-0: Ball 1-0: Swinging Strike 1-1: Foul Ball, location: 2F 1-2: Strikes out looking
|
|
Batting: LHB Pascal Noël
|
0-0: Ball 1-0: Ball 2-0: Foul Ball, location: 2F 2-1: Called Strike 2-2: Strikes out swinging
|
| Bottom of the 6th over - 0 runs, 2 hits, 0 errors, 2 left on base; Stanford University 1 - University of Arizona 4 |
| TOP OF THE 7TH |
|
Stanford University Cardinal batting - Pitching for University of Arizona Wildcats : LHP Gilg Martin
|
|
Batting: LHB Chien Sam
|
0-0: Reached on error, E4 (Groundball, 4MD, EV 92.5 MPH)
|
|
Batting: RHB Trent Spivey
|
0-0: Called Strike 0-1: Ball 1-1: 2-RUN HOME RUN (Flyball, 7LD, EV 91.9 MPH), Distance : 342 ft
|
|
Batting: LHB Bryan Davidson
|
0-0: Ball 1-0: Called Strike 1-1: Called Strike 1-2: Strikes out swinging
|
|
Pitching: RHP Chris Obloy
|
|
|
Batting: RHB Troy Bush
|
0-0: Ball 1-0: Fly out, F9 (Line Drive, 89M, EV 100.6 MPH)
|
|
Batting: RHB Willie Carmona
|
0-0: Fly out, F7 (Flyball, 7, EV 85.0 MPH)
|
| Top of the 7th over - 2 runs, 1 hit, 1 error, 0 left on base; Stanford University 3 - University of Arizona 4 |
| BOTTOM OF THE 7TH |
|
University of Arizona Wildcats batting - Pitching for Stanford University Cardinal : LHP Larry Steen
|
|
Pitching: LHP Joe Alverson
|
|
|
Batting: RHB C.J. Wells
|
0-0: Swinging Strike 0-1: Ball 1-1: Ball 2-1: Ball 3-1: Foul Ball, location: 2F 3-2: Base on Balls
|
|
Batting: LHB Gary Corrales
|
0-0: Called Strike 0-1: Called Strike 0-2: Ball 1-2: Grounds into double play, 5-4-3 (Groundball, 56, EV 90.0 MPH)
|
|
Batting: RHB Teddy Bonaddio
|
0-0: Ball 1-0: DOUBLE (Flyball, 9LD, EV 100.0 MPH)
|
|
Batting: LHB Andrew Davis
|
0-0: Swinging Strike 0-1: Ball 1-1: Foul Ball, location: 2F 1-2: Foul Ball, location: 2F 1-2: Ball 2-2: Ball Wild Pitch! Teddy Bonaddio to third 3-2: SINGLE (Line Drive, 6MD, EV 105.6 MPH) Teddy Bonaddio scores
|
|
Pitching: RHP Warren Waldman
|
|
|
Batting: RHB Alejandro de Jesus
|
0-0: Ball 1-0: Foul Ball, location: 2F 1-1: Ground out 5-3 (Groundball, 56, EV 106.2 MPH)
|
| Bottom of the 7th over - 1 run, 2 hits, 0 errors, 1 left on base; Stanford University 3 - University of Arizona 5 |
| TOP OF THE 8TH |
|
Stanford University Cardinal batting - Pitching for University of Arizona Wildcats : RHP Chris Obloy
|
|
Batting: RHB Kazumi Inouye
|
0-0: Ball 1-0: SINGLE (Groundball, 56S, EV 65.0 MPH) (infield hit)
|
|
Batting: RHB Jose Garduno
|
0-0: Ball 1-0: Called Strike 1-1: Swinging Strike 1-2: Foul Ball, location: 2F 1-2: Foul Ball, location: 2F 1-2: Ball 2-2: Ball 3-2: Ground out 4-3 (Groundball, 4S, EV 82.5 MPH) Kazumi Inouye to second
|
|
Batting: RHB Guillermo Puente
|
0-0: Foul Ball, location: 2F 0-1: Swinging Strike 0-2: Strikes out looking
|
|
Pitching: RHP Jimmy Serna
|
|
|
Batting: SHB Danny Gallegos
|
0-0: Ball 1-0: Swinging Strike 1-1: Ball 2-1: Ball 3-1: Base on Balls
|
|
Batting: LHB Chien Sam
|
0-0: Called Strike 0-1: Ball 1-1: Foul Ball, location: 2F 1-2: SINGLE (Line Drive, 6D, EV 103.1 MPH) Kazumi Inouye to third Danny Gallegos to second Runner from 3rd tries for Home, SAFE, throw by LF to home Danny Gallegos to third Chien Sam to second
|
|
Batting: RHB Trent Spivey
|
0-0: Ball 1-0: Ball 2-0: Foul Ball, location: 2F 2-1: Ball 3-1: Fly out, F8 (Flyball, 8RM, EV 82.5 MPH)
|
| Top of the 8th over - 1 run, 2 hits, 0 errors, 2 left on base; Stanford University 4 - University of Arizona 5 |
| BOTTOM OF THE 8TH |
|
University of Arizona Wildcats batting - Pitching for Stanford University Cardinal : RHP Warren Waldman
|
|
Batting: RHB Larry Harlow
|
0-0: Ball 1-0: Called Strike 1-1: Called Strike 1-2: Foul Ball, location: 2F 1-2: Strikes out swinging
|
|
Batting: LHB Jere Paatelainen
|
0-0: Ball 1-0: Reached on error, E3 (Groundball, 3, EV 88.1 MPH)
|
|
Batting: RHB Ron Dondale
|
0-0: Called Strike 0-1: Grounds into double play, 3-6-1 (Groundball, 3, EV 86.2 MPH)
|
| Bottom of the 8th over - 0 runs, 0 hits, 1 error, 0 left on base; Stanford University 4 - University of Arizona 5 |
| TOP OF THE 9TH |
|
Stanford University Cardinal batting - Pitching for University of Arizona Wildcats : RHP Jimmy Serna
|
|
Pitching: LHP Jamal Jeter
|
|
|
Batting: LHB Bryan Davidson
|
0-0: Ball 1-0: Swinging Strike 1-1: Ball 2-1: Foul Ball, location: 2F 2-2: Strikes out swinging
|
|
Batting: RHB Troy Bush
|
0-0: Ball 1-0: Ball 2-0: Foul Ball, location: 2F 2-1: SINGLE (Flyball, 6MD, EV 81.9 MPH)
|
|
Batting: RHB Willie Carmona
|
0-0: Called Strike 0-1: Swinging Strike 0-2: Ball 1-2: Foul Ball, location: 2F 1-2: Foul Ball, location: 2F 1-2: Strikes out swinging
|
|
Batting: RHB Kazumi Inouye
|
0-0: Ball 1-0: Fly out, F7 (Flyball, 7, EV 83.8 MPH)
|
| Top of the 9th over - 0 runs, 1 hit, 0 errors, 1 left on base; Stanford University 4 - University of Arizona 5 |
|